Connexion

BOSTON Bruins vs SEATTLE Kraken

Created - 24 novembre 2023 at 05:49

Goals
1 2 3 T
BOSTON Bruins 2 0 1 3
SEATTLE Kraken 0 3 2 5
Shots
1 2 3 T
BOSTON Bruins 7 2 6 15
SEATTLE Kraken 6 17 15 38

GoalsPenalties
1st period
1. BOSTON Bruins , Elias Pettersson 13 (Jonathan Marchessault 21) at 7:38
2. BOSTON Bruins , Andre Burakovsky 13 (Kaapo Kakko 16, Adam Boqvist 31) at 13:32 (PP)
Jani Hakanpaa (SEA) for Hooking (Minor) at 12:30
2nd period
3. SEATTLE Kraken , Jason Robertson 15 (Rasmus Dahlin 25) at 7:03 (PP)
4. SEATTLE Kraken , David Pastrnak 23 (Auston Matthews 31, Alec Martinez 10) at 9:56
5. SEATTLE Kraken , David Pastrnak 24 (Auston Matthews 32) at 18:32
Dmitri Orlov (BOS) for Tripping (Minor) at 5:20
Vincent Trocheck (SEA) for Hooking (Minor) at 7:24
Rasmus Andersson (BOS) for Hooking (Minor) at 12:28
Trevor Zegras (SEA) for Roughing (Minor) at 17:52
Rasmus Andersson (BOS) for Delaying the game (Minor) at 17:52
3rd period
6. BOSTON Bruins , Mikael Granlund 22 (Dmitri Orlov 24, Jonathan Marchessault 22) at 10:45 (PP)
7. SEATTLE Kraken , Moritz Seider 3 (Andrei Kuzmenko 14, Jamie Drysdale 16) at 17:38
8. SEATTLE Kraken , David Pastrnak 25 (Jaccob Slavin 21, Auston Matthews 33) at 19:59
Dmitri Orlov (BOS) for Slashing (Minor) at 1:36
Jonathan Marchessault (BOS) for Holding (Minor) at 4:49
Jani Hakanpaa (SEA) for High sticking (Minor) at 9:09
Vincent Trocheck (SEA) for Hooking (Minor) at 12:05
Dmitri Orlov (BOS) for Holding (Minor) at 17:45
Goalie Stats
Jacob Markstrom (BOS), 33 saves from 38 shots - (0,868), L, 12-8-2, 60:00 minutes
Logan Thompson (SEA), 12 saves from 15 shots - (0,800), W, 12-7-0, 60:00 minutes
3 StarsOfficial
1 - David Pastrnak (SEA)
2 - Auston Matthews (SEA)
3 - Jason Robertson (SEA)
Referees : Kevin Pollock and Mike Leggo
Linesman : Shane Heyer and Derek Amell
Game Note
David Pastrnak has scored a Hat Trick!
Finance
Level 1 -- Attendance: 4565 (89,51%) -- Ticket Income 684 750 $
Level 2 -- Attendance: 5000 (100,00%) -- Ticket Income 400 000 $
Level 3 -- Attendance: 1813 (90,65%) -- Ticket Income 108 780 $
Level 4 -- Attendance: 2719 (67,98%) -- Ticket Income 122 355 $
Luxury Box -- Attendance: 932 (93,20%) -- Ticket Income 244 184 $
Game was played at the Climate Pledge Arena.
Total Attendance: 15029 (87,89%)
Total Ticket Income: 1 560 069 $
Other Income: 312 014 $
Total Income: 1 872 083 $



Team Name Goals Shots Shots Attemp Shots Blocked PIM HIT PP PK FO%
BOSTON Bruins 31533612182 / 4 (50%)146%
SEATTLE Kraken 53873510111 / 5 (20%)254%

BOSTON Bruins
Player Name POS G A P +/- PIM HIT SHT SB MP PP MP PP SHT PK MP PK SHT FO% FOT
Adam BoqvistD0110020223:202:5903:3800% 0
Alex IafalloC/LW000-100009:310:0000:000100% 1
Andre BurakovskyC/LW/RW101-2001121:272:2616:18037% 35
Brandon TanevLW/RW000002206:240:0000:0000% 0
Chris KreiderLW/RW000-1010016:382:2602:200100% 2
Dmitri OrlovD011-2652123:263:3722:2800% 0
Elias PetterssonC1011012021:174:1012:49048% 23
Henri JokiharjuD000-1000013:590:0003:3200% 0
Jonathan MarchessaultRW0220201018:424:1000:000100% 1
Kaapo KakkoRW011-2003114:332:2600:000100% 1
Matt DumbaD000-1031126:433:3705:5710% 0
Max LajoieD000-2020010:140:0000:2100% 0
Mikael GranlundC/LW1010022025:274:1015:34050% 4
Rasmus AnderssonD0000400022:132:5903:2200% 0
Ryan Carpenter C/RW000000008:410:0002:17050% 6
Thomas NovakC000-200009:460:0000:00043% 7
Walker DuehrRW000000006:240:0000:0000% 0
Zachary SenyshynRW000-100109:310:0000:0000% 0
SEATTLE Kraken
Player Name POS G A P +/- PIM HIT SHT SB MP PP MP PP SHT PK MP PK SHT FO% FOT
Alec MartinezD0111001011:220:0000:0000% 0
Alex OvechkinLW0000000116:444:1500:0400% 0
Andrei KuzmenkoLW011100009:290:0001:43050% 2
Auston MatthewsC0332011123:045:2410:00058% 31
Cody GlassC000000105:200:0000:0000% 1
David PastrnakRW30320210023:045:2420:00050% 2
Jaccob SlavinD0111014026:275:2623:5500% 0
Jamie DrysdaleD0111001021:514:1302:2100% 0
Jani HakanpaaD0001410011:500:0000:3000% 0
Jason RobertsonLW/RW1011017021:395:2430:0000% 0
Joe PavelskiC/LW/RW0000001117:000:0004:35050% 6
Moritz SeiderD1011004022:074:1322:3700% 0
Rasmus DahlinD0111021226:215:2613:4900% 0
T.J. OshieC/LW/RW000000205:200:0000:0000% 0
Tim StutzleC/LW0001010012:000:0004:1400% 0
Trevor ZegrasC0000201016:434:1510:04067% 18
Vincent TrocheckC000041006:270:0000:35043% 7
Wyatt JohnstonC0001014014:324:1521:57038% 13



Play-by-Play

1st period


0:01 of 1st period - Auston Matthews wins face-off versus Elias Pettersson in neutral zone.
0:35 of 1st period - Jason Robertson is hit by Dmitri Orlov and loses puck.
1:58 of 1st period - Shot by Andrei Kuzmenko.
1:58 of 1st period - Shot Misses the Net.
2:06 of 1st period - Shot by Wyatt Johnston.
2:06 of 1st period - Shot Misses the Net.
2:08 of 1st period - Shot by Alec Martinez.
2:08 of 1st period - Stopped by Jacob Markstrom without a rebound.
2:09 of 1st period - Thomas Novak wins face-off versus Cody Glass in BOSTON Bruins zone.
2:45 of 1st period - Shot by Vincent Trocheck.
2:45 of 1st period - Shot Misses the Net.
3:29 of 1st period - Shot by Jason Robertson.
3:29 of 1st period - Stopped by Jacob Markstrom without a rebound.
3:30 of 1st period - Andre Burakovsky wins face-off versus Wyatt Johnston in BOSTON Bruins zone.
3:32 of 1st period - Icing by Chris Kreider.
3:33 of 1st period - Andre Burakovsky wins face-off versus Wyatt Johnston in BOSTON Bruins zone.
3:37 of 1st period - Icing by Kaapo Kakko.
3:38 of 1st period - Wyatt Johnston wins face-off versus Andre Burakovsky in BOSTON Bruins zone.
4:07 of 1st period - Shot by Kaapo Kakko.
4:07 of 1st period - Stopped by Logan Thompson with a rebound.
4:13 of 1st period - Shot by Adam Boqvist.
4:13 of 1st period - Shot Misses the Net.
4:15 of 1st period - Shot by Kaapo Kakko.
4:15 of 1st period - Stopped by Logan Thompson without a rebound.
4:16 of 1st period - Elias Pettersson wins face-off versus Trevor Zegras in SEATTLE Kraken zone.
4:58 of 1st period - Shot by Alex Ovechkin.
4:58 of 1st period - Shot Misses the Net.
5:18 of 1st period - Brandon Tanev is hit by David Pastrnak and loses puck.
5:43 of 1st period - Shot by Brandon Tanev.
5:43 of 1st period - Stopped by Logan Thompson without a rebound.
5:44 of 1st period - Thomas Novak wins face-off versus Wyatt Johnston in SEATTLE Kraken zone.
6:26 of 1st period - Off-side.
6:27 of 1st period - Auston Matthews wins face-off versus Andre Burakovsky in neutral zone.
7:38 of 1st period - Shot by Elias Pettersson.
7:38 of 1st period - Goal by Elias Pettersson - BOSTON Bruins : 1 - SEATTLE Kraken : 0.
7:39 of 1st period - Alex Iafallo wins face-off versus Trevor Zegras in neutral zone.
8:16 of 1st period - Shot by Trevor Zegras.
8:16 of 1st period - Shot Misses the Net.
8:18 of 1st period - Shot by Jaccob Slavin.
8:18 of 1st period - Stopped by Jacob Markstrom without a rebound.
8:19 of 1st period - Elias Pettersson wins face-off versus Vincent Trocheck in BOSTON Bruins zone.
8:25 of 1st period - Icing by Mikael Granlund.
8:26 of 1st period - Elias Pettersson wins face-off versus Vincent Trocheck in BOSTON Bruins zone.
9:46 of 1st period - Jonathan Marchessault is hit by David Pastrnak and loses puck.
10:21 of 1st period - Shot by Andre Burakovsky.
10:21 of 1st period - Deflect By Kaapo Kakko.
10:21 of 1st period - Shot Misses the Net.
11:12 of 1st period - Shot by Alex Ovechkin.
11:12 of 1st period - Shot Blocked by Adam Boqvist.
11:47 of 1st period - Icing by Rasmus Andersson.
11:48 of 1st period - Vincent Trocheck wins face-off versus Ryan Carpenter in BOSTON Bruins zone.
11:57 of 1st period - Shot by T.J. Oshie.
11:57 of 1st period - Stopped by Jacob Markstrom without a rebound.
11:58 of 1st period - Thomas Novak wins face-off versus Wyatt Johnston in BOSTON Bruins zone.
12:04 of 1st period - Dmitri Orlov is hit by Tim Stutzle and loses puck.
12:30 of 1st period - Minor Penalty to Jani Hakanpaa for Hooking.
12:31 of 1st period - Jonathan Marchessault wins face-off versus Joe Pavelski in SEATTLE Kraken zone.
12:43 of 1st period - Shot by Matt Dumba.
12:43 of 1st period - Shot Blocked by Rasmus Dahlin.
12:45 of 1st period - Shot by Matt Dumba.
12:45 of 1st period - Shot Misses the Net.
13:32 of 1st period - Shot by Andre Burakovsky.
13:32 of 1st period - Goal by Andre Burakovsky - BOSTON Bruins : 2 - SEATTLE Kraken : 0.
13:33 of 1st period - Auston Matthews wins face-off versus Thomas Novak in neutral zone.
13:38 of 1st period - Shot by Jason Robertson.
13:38 of 1st period - Stopped by Jacob Markstrom with a rebound.
13:40 of 1st period - Shot by Jason Robertson.
13:40 of 1st period - Stopped by Jacob Markstrom without a rebound.
13:41 of 1st period - David Pastrnak wins face-off versus Andre Burakovsky in BOSTON Bruins zone.
14:06 of 1st period - Shot by Andre Burakovsky.
14:06 of 1st period - Deflect By Kaapo Kakko.
14:06 of 1st period - Stopped by Logan Thompson without a rebound.
14:07 of 1st period - Trevor Zegras wins face-off versus Mikael Granlund in SEATTLE Kraken zone.
14:24 of 1st period - Icing by Trevor Zegras.
14:25 of 1st period - Trevor Zegras wins face-off versus Andre Burakovsky in SEATTLE Kraken zone.
14:59 of 1st period - Trevor Zegras is hit by Matt Dumba and loses puck.
15:43 of 1st period - Icing by Rasmus Andersson.
15:44 of 1st period - Wyatt Johnston wins face-off versus Elias Pettersson in BOSTON Bruins zone.
15:52 of 1st period - Icing by Rasmus Andersson.
15:53 of 1st period - Auston Matthews wins face-off versus Elias Pettersson in BOSTON Bruins zone.
16:20 of 1st period - Shot by David Pastrnak.
16:20 of 1st period - Shot Blocked by Adam Boqvist.
16:43 of 1st period - David Pastrnak is hit by Dmitri Orlov and loses puck.
17:00 of 1st period - Shot by Zachary Senyshyn.
17:00 of 1st period - Shot Misses the Net.
17:02 of 1st period - Shot by Dmitri Orlov.
17:02 of 1st period - Shot Misses the Net.
17:37 of 1st period - Off-side.
17:38 of 1st period - Ryan Carpenter wins face-off versus Trevor Zegras in neutral zone.
18:51 of 1st period - Shot by Adam Boqvist.
18:51 of 1st period - Shot Misses the Net.
18:53 of 1st period - Shot by Adam Boqvist.
18:53 of 1st period - Shot Blocked by Alex Ovechkin.
18:55 of 1st period - Shot by Jonathan Marchessault.
18:55 of 1st period - Stopped by Logan Thompson with a rebound.
19:02 of 1st period - Icing by Jaccob Slavin.
19:03 of 1st period - Chris Kreider wins face-off versus Trevor Zegras in SEATTLE Kraken zone.
19:57 of 1st period - Off-side.
19:58 of 1st period - Auston Matthews wins face-off versus Elias Pettersson in neutral zone.
Goals for this period are 2 for BOSTON Bruins vs 0 for SEATTLE Kraken.
Shots for this period are 7 for BOSTON Bruins vs 6 for SEATTLE Kraken.

2nd period


0:01 of 2nd period - Elias Pettersson wins face-off versus Auston Matthews in neutral zone.
0:03 of 2nd period - Dmitri Orlov is hit by Rasmus Dahlin and loses puck.
0:34 of 2nd period - Shot by David Pastrnak.
0:34 of 2nd period - Stopped by Jacob Markstrom without a rebound.
0:35 of 2nd period - Andre Burakovsky wins face-off versus Wyatt Johnston in BOSTON Bruins zone.
3:56 of 2nd period - Shot by Cody Glass.
3:56 of 2nd period - Stopped by Jacob Markstrom without a rebound.
3:57 of 2nd period - Mikael Granlund wins face-off versus Wyatt Johnston in BOSTON Bruins zone.
4:15 of 2nd period - Off-side.
4:16 of 2nd period - Andre Burakovsky wins face-off versus Auston Matthews in neutral zone.
4:24 of 2nd period - Moritz Seider is hit by Adam Boqvist and loses puck.
4:27 of 2nd period - Shot by David Pastrnak.
4:27 of 2nd period - Shot Misses the Net.
4:29 of 2nd period - Shot by Jamie Drysdale.
4:29 of 2nd period - Stopped by Jacob Markstrom without a rebound.
4:30 of 2nd period - Trevor Zegras wins face-off versus Elias Pettersson in BOSTON Bruins zone.
5:20 of 2nd period - Minor Penalty to Dmitri Orlov for Tripping.
5:21 of 2nd period - Mikael Granlund wins face-off versus Auston Matthews in BOSTON Bruins zone.
5:40 of 2nd period - Shot by David Pastrnak.
5:40 of 2nd period - Shot Misses the Net.
5:42 of 2nd period - Shot by Jaccob Slavin.
5:42 of 2nd period - Shot Misses the Net.
5:44 of 2nd period - Shot by David Pastrnak.
5:44 of 2nd period - Stopped by Jacob Markstrom with a rebound.
5:46 of 2nd period - Shot by Jaccob Slavin.
5:46 of 2nd period - Shot Misses the Net.
6:00 of 2nd period - Shot by Jason Robertson.
6:00 of 2nd period - Stopped by Jacob Markstrom without a rebound.
6:01 of 2nd period - Andre Burakovsky wins face-off versus Trevor Zegras in BOSTON Bruins zone.
6:15 of 2nd period - Mikael Granlund is hit by Wyatt Johnston and loses puck.
6:58 of 2nd period - Rasmus Andersson is hit by Jason Robertson and loses puck.
7:03 of 2nd period - Shot by Jason Robertson.
7:03 of 2nd period - Goal by Jason Robertson - BOSTON Bruins : 2 - SEATTLE Kraken : 1.
7:04 of 2nd period - Vincent Trocheck wins face-off versus Thomas Novak in neutral zone.
7:24 of 2nd period - Minor Penalty to Vincent Trocheck for Hooking.
7:25 of 2nd period - Elias Pettersson wins face-off versus Joe Pavelski in SEATTLE Kraken zone.
7:33 of 2nd period - Elias Pettersson is hit by Jaccob Slavin and loses puck.
8:55 of 2nd period - Shot by Dmitri Orlov.
8:55 of 2nd period - Stopped by Logan Thompson without a rebound.
8:56 of 2nd period - Elias Pettersson wins face-off versus Andrei Kuzmenko in SEATTLE Kraken zone.
8:59 of 2nd period - Shot by Dmitri Orlov.
8:59 of 2nd period - Stopped by Logan Thompson without a rebound.
9:00 of 2nd period - Andrei Kuzmenko wins face-off versus Elias Pettersson in SEATTLE Kraken zone.
9:00 of 2nd period - Andrei Kuzmenko is hit by Mikael Granlund.
9:44 of 2nd period - Shot by Zachary Senyshyn.
9:44 of 2nd period - Shot Misses the Net.
9:56 of 2nd period - Shot by David Pastrnak.
9:56 of 2nd period - Goal by David Pastrnak - BOSTON Bruins : 2 - SEATTLE Kraken : 2.
9:57 of 2nd period - Vincent Trocheck wins face-off versus Andre Burakovsky in neutral zone.
10:25 of 2nd period - Off-side.
10:26 of 2nd period - Ryan Carpenter wins face-off versus Auston Matthews in neutral zone.
10:44 of 2nd period - Jason Robertson is hit by Adam Boqvist and loses puck.
10:55 of 2nd period - Shot by David Pastrnak.
10:55 of 2nd period - Stopped by Jacob Markstrom without a rebound.
10:56 of 2nd period - Elias Pettersson wins face-off versus Wyatt Johnston in BOSTON Bruins zone.
11:21 of 2nd period - Shot by Wyatt Johnston.
11:21 of 2nd period - Shot Misses the Net.
11:23 of 2nd period - Shot by Tim Stutzle.
11:23 of 2nd period - Shot Misses the Net.
12:00 of 2nd period - Auston Matthews is hit by Matt Dumba and loses puck.
12:03 of 2nd period - Shot by David Pastrnak.
12:03 of 2nd period - Stopped by Jacob Markstrom without a rebound.
12:04 of 2nd period - Trevor Zegras wins face-off versus Andre Burakovsky in BOSTON Bruins zone.
12:28 of 2nd period - Minor Penalty to Rasmus Andersson for Hooking.
12:29 of 2nd period - Andre Burakovsky wins face-off versus Auston Matthews in BOSTON Bruins zone.
12:48 of 2nd period - Shot by Auston Matthews.
12:48 of 2nd period - Stopped by Jacob Markstrom without a rebound.
12:49 of 2nd period - Trevor Zegras wins face-off versus Andre Burakovsky in BOSTON Bruins zone.
13:33 of 2nd period - Rasmus Dahlin is hit by Dmitri Orlov.
13:42 of 2nd period - Off-side.
13:43 of 2nd period - Ryan Carpenter wins face-off versus David Pastrnak in neutral zone.
14:04 of 2nd period - Shot by Moritz Seider.
14:04 of 2nd period - Stopped by Jacob Markstrom without a rebound.
14:05 of 2nd period - Andre Burakovsky wins face-off versus Auston Matthews in BOSTON Bruins zone.
14:52 of 2nd period - Shot by T.J. Oshie.
14:52 of 2nd period - Stopped by Jacob Markstrom without a rebound.
14:53 of 2nd period - Elias Pettersson wins face-off versus Trevor Zegras in BOSTON Bruins zone.
15:48 of 2nd period - Jaccob Slavin is hit by Mikael Granlund and loses puck.
16:10 of 2nd period - Shot by Jason Robertson.
16:10 of 2nd period - Stopped by Jacob Markstrom without a rebound.
16:11 of 2nd period - Wyatt Johnston wins face-off versus Thomas Novak in BOSTON Bruins zone.
17:31 of 2nd period - Shot by Auston Matthews.
17:31 of 2nd period - Shot Misses the Net.
17:33 of 2nd period - Shot by David Pastrnak.
17:33 of 2nd period - Stopped by Jacob Markstrom without a rebound.
17:34 of 2nd period - Trevor Zegras wins face-off versus Elias Pettersson in BOSTON Bruins zone.
17:52 of 2nd period - Minor Penalty to Trevor Zegras for Roughing.
17:52 of 2nd period - Minor Penalty to Rasmus Andersson for Delaying the game.
17:53 of 2nd period - Andre Burakovsky wins face-off versus Auston Matthews in BOSTON Bruins zone.
18:09 of 2nd period - Off-side.
18:10 of 2nd period - Andre Burakovsky wins face-off versus Auston Matthews in neutral zone.
18:24 of 2nd period - Icing by Moritz Seider.
18:25 of 2nd period - Auston Matthews wins face-off versus Andre Burakovsky in SEATTLE Kraken zone.
18:30 of 2nd period - Shot by Auston Matthews.
18:30 of 2nd period - Shot Misses the Net.
18:32 of 2nd period - Shot by David Pastrnak.
18:32 of 2nd period - Goal by David Pastrnak - BOSTON Bruins : 2 - SEATTLE Kraken : 3.
18:33 of 2nd period - Andre Burakovsky wins face-off versus Auston Matthews in neutral zone.
19:10 of 2nd period - Shot by Auston Matthews.
19:10 of 2nd period - Shot Misses the Net.
19:12 of 2nd period - Shot by David Pastrnak.
19:12 of 2nd period - Shot Blocked by Dmitri Orlov.
19:14 of 2nd period - Shot by Jaccob Slavin.
19:14 of 2nd period - Stopped by Jacob Markstrom without a rebound.
19:15 of 2nd period - Chris Kreider wins face-off versus Vincent Trocheck in BOSTON Bruins zone.
19:48 of 2nd period - Shot by Moritz Seider.
19:48 of 2nd period - Stopped by Jacob Markstrom without a rebound.
19:49 of 2nd period - Auston Matthews wins face-off versus Andre Burakovsky in BOSTON Bruins zone.
Goals for this period are 0 for BOSTON Bruins vs 3 for SEATTLE Kraken.
Shots for this period are 2 for BOSTON Bruins vs 17 for SEATTLE Kraken.

3rd period


0:01 of 3rd period - Auston Matthews wins face-off versus Mikael Granlund in neutral zone.
0:28 of 3rd period - Shot by Jonathan Marchessault.
0:28 of 3rd period - Shot Blocked by Rasmus Dahlin.
0:30 of 3rd period - Shot by Jonathan Marchessault.
0:30 of 3rd period - Shot Misses the Net.
0:35 of 3rd period - Icing by Rasmus Dahlin.
0:36 of 3rd period - Auston Matthews wins face-off versus Andre Burakovsky in SEATTLE Kraken zone.
0:36 of 3rd period - Auston Matthews is hit by Chris Kreider.
0:59 of 3rd period - Chris Kreider is hit by Rasmus Dahlin and loses puck.
1:35 of 3rd period - Joe Pavelski is hit by Matt Dumba and loses puck.
1:36 of 3rd period - Minor Penalty to Dmitri Orlov for Slashing.
1:37 of 3rd period - Trevor Zegras wins face-off versus Andre Burakovsky in BOSTON Bruins zone.
1:44 of 3rd period - Shot by Trevor Zegras.
1:44 of 3rd period - Stopped by Jacob Markstrom without a rebound.
1:45 of 3rd period - Trevor Zegras wins face-off versus Andre Burakovsky in BOSTON Bruins zone.
2:37 of 3rd period - Shot by Rasmus Dahlin.
2:37 of 3rd period - Shot Misses the Net.
2:39 of 3rd period - Shot by Jaccob Slavin.
2:39 of 3rd period - Shot Misses the Net.
2:41 of 3rd period - Shot by David Pastrnak.
2:41 of 3rd period - Stopped by Jacob Markstrom without a rebound.
2:42 of 3rd period - Auston Matthews wins face-off versus Andre Burakovsky in BOSTON Bruins zone.
3:01 of 3rd period - Shot by Rasmus Dahlin.
3:01 of 3rd period - Stopped by Jacob Markstrom without a rebound.
3:02 of 3rd period - Trevor Zegras wins face-off versus Andre Burakovsky in BOSTON Bruins zone.
3:05 of 3rd period - Shot by Wyatt Johnston.
3:05 of 3rd period - Shot Misses the Net.
3:07 of 3rd period - Shot by Trevor Zegras.
3:07 of 3rd period - Deflect By Wyatt Johnston.
3:07 of 3rd period - Stopped by Jacob Markstrom without a rebound.
3:08 of 3rd period - Auston Matthews wins face-off versus Andre Burakovsky in BOSTON Bruins zone.
3:53 of 3rd period - Shot by Zachary Senyshyn.
3:53 of 3rd period - Stopped by Logan Thompson without a rebound.
3:54 of 3rd period - Wyatt Johnston wins face-off versus Ryan Carpenter in SEATTLE Kraken zone.
3:59 of 3rd period - Alec Martinez is hit by Brandon Tanev and loses puck.
4:23 of 3rd period - Shot by Brandon Tanev.
4:23 of 3rd period - Stopped by Logan Thompson without a rebound.
4:24 of 3rd period - Auston Matthews wins face-off versus Elias Pettersson in SEATTLE Kraken zone.
4:24 of 3rd period - Auston Matthews is hit by Elias Pettersson.
4:49 of 3rd period - Minor Penalty to Jonathan Marchessault for Holding.
4:50 of 3rd period - Trevor Zegras wins face-off versus Andre Burakovsky in BOSTON Bruins zone.
4:59 of 3rd period - Shot by Trevor Zegras.
4:59 of 3rd period - Shot Misses the Net.
5:01 of 3rd period - Shot by Trevor Zegras.
5:01 of 3rd period - Deflect By Wyatt Johnston.
5:01 of 3rd period - Stopped by Jacob Markstrom without a rebound.
5:02 of 3rd period - Auston Matthews wins face-off versus Andre Burakovsky in BOSTON Bruins zone.
5:03 of 3rd period - Shot by Rasmus Dahlin.
5:03 of 3rd period - Shot Blocked by Matt Dumba.
5:05 of 3rd period - Shot by Jaccob Slavin.
5:05 of 3rd period - Shot Misses the Net.
5:07 of 3rd period - Shot by Jaccob Slavin.
5:07 of 3rd period - Shot Misses the Net.
5:09 of 3rd period - Shot by Rasmus Dahlin.
5:09 of 3rd period - Shot Misses the Net.
5:33 of 3rd period - Shot by Rasmus Dahlin.
5:33 of 3rd period - Shot Misses the Net.
5:41 of 3rd period - Shot by Auston Matthews.
5:41 of 3rd period - Shot Misses the Net.
5:43 of 3rd period - Shot by Rasmus Dahlin.
5:43 of 3rd period - Shot Misses the Net.
5:45 of 3rd period - Shot by Jaccob Slavin.
5:45 of 3rd period - Stopped by Jacob Markstrom without a rebound.
5:46 of 3rd period - Trevor Zegras wins face-off versus Elias Pettersson in BOSTON Bruins zone.
6:17 of 3rd period - Shot by Moritz Seider.
6:17 of 3rd period - Stopped by Jacob Markstrom without a rebound.
6:18 of 3rd period - Andre Burakovsky wins face-off versus Auston Matthews in BOSTON Bruins zone.
6:24 of 3rd period - Icing by Jaccob Slavin.
6:25 of 3rd period - Andre Burakovsky wins face-off versus Auston Matthews in SEATTLE Kraken zone.
6:28 of 3rd period - Shot by Matt Dumba.
6:28 of 3rd period - Stopped by Logan Thompson without a rebound.
6:29 of 3rd period - Andre Burakovsky wins face-off versus Auston Matthews in SEATTLE Kraken zone.
6:57 of 3rd period - Shot by Joe Pavelski.
6:57 of 3rd period - Stopped by Jacob Markstrom without a rebound.
6:58 of 3rd period - Trevor Zegras wins face-off versus Thomas Novak in BOSTON Bruins zone.
7:03 of 3rd period - Shot by Jamie Drysdale.
7:03 of 3rd period - Shot Misses the Net.
8:22 of 3rd period - Shot by Auston Matthews.
8:22 of 3rd period - Deflect By David Pastrnak.
8:22 of 3rd period - Stopped by Jacob Markstrom without a rebound.
8:23 of 3rd period - Wyatt Johnston wins face-off versus Andre Burakovsky in BOSTON Bruins zone.
8:23 of 3rd period - Wyatt Johnston is hit by Max Lajoie.
8:30 of 3rd period - Shot by Wyatt Johnston.
8:30 of 3rd period - Stopped by Jacob Markstrom with a rebound.
8:32 of 3rd period - Shot by Wyatt Johnston.
8:32 of 3rd period - Stopped by Jacob Markstrom without a rebound.
8:33 of 3rd period - Elias Pettersson wins face-off versus Vincent Trocheck in BOSTON Bruins zone.
9:09 of 3rd period - Minor Penalty to Jani Hakanpaa for High sticking.
9:10 of 3rd period - Joe Pavelski wins face-off versus Andre Burakovsky in SEATTLE Kraken zone.
9:31 of 3rd period - Shot by Adam Boqvist.
9:31 of 3rd period - Shot Misses the Net.
9:33 of 3rd period - Shot by Rasmus Andersson.
9:33 of 3rd period - Shot Blocked by Joe Pavelski.
10:13 of 3rd period - Shot by Elias Pettersson.
10:13 of 3rd period - Stopped by Logan Thompson without a rebound.
10:14 of 3rd period - Joe Pavelski wins face-off versus Elias Pettersson in SEATTLE Kraken zone.
10:24 of 3rd period - Off-side.
10:25 of 3rd period - Joe Pavelski wins face-off versus Elias Pettersson in neutral zone.
10:43 of 3rd period - Shot by Dmitri Orlov.
10:43 of 3rd period - Shot Misses the Net.
10:45 of 3rd period - Shot by Mikael Granlund.
10:45 of 3rd period - Goal by Mikael Granlund - BOSTON Bruins : 3 - SEATTLE Kraken : 3.
10:46 of 3rd period - Auston Matthews wins face-off versus Andre Burakovsky in neutral zone.
11:25 of 3rd period - Shot by Jason Robertson.
11:25 of 3rd period - Shot Misses the Net.
11:43 of 3rd period - Mikael Granlund is hit by Auston Matthews and loses puck.
12:05 of 3rd period - Minor Penalty to Vincent Trocheck for Hooking.
12:06 of 3rd period - Elias Pettersson wins face-off versus Joe Pavelski in SEATTLE Kraken zone.
12:07 of 3rd period - Shot by Matt Dumba.
12:07 of 3rd period - Shot Misses the Net.
13:46 of 3rd period - Shot by Matt Dumba.
13:46 of 3rd period - Shot Misses the Net.
14:11 of 3rd period - Matt Dumba is hit by Jani Hakanpaa and loses puck.
14:21 of 3rd period - Icing by Alec Martinez.
14:22 of 3rd period - Auston Matthews wins face-off versus Ryan Carpenter in SEATTLE Kraken zone.
15:19 of 3rd period - Ryan Carpenter is hit by Vincent Trocheck and loses puck.
15:32 of 3rd period - T.J. Oshie is hit by Brandon Tanev and loses puck.
16:08 of 3rd period - Shot by Trevor Zegras.
16:08 of 3rd period - Shot Misses the Net.
16:10 of 3rd period - Shot by Rasmus Dahlin.
16:10 of 3rd period - Shot Misses the Net.
16:50 of 3rd period - Off-side.
16:51 of 3rd period - Elias Pettersson wins face-off versus Auston Matthews in neutral zone.
17:08 of 3rd period - Shot by Jonathan Marchessault.
17:08 of 3rd period - Shot Blocked by Auston Matthews.
17:10 of 3rd period - Shot by Mikael Granlund.
17:10 of 3rd period - Stopped by Logan Thompson without a rebound.
17:11 of 3rd period - Kaapo Kakko wins face-off versus Wyatt Johnston in SEATTLE Kraken zone.
17:36 of 3rd period - Shot by Andrei Kuzmenko.
17:36 of 3rd period - Shot Blocked by Kaapo Kakko.
17:38 of 3rd period - Shot by Moritz Seider.
17:38 of 3rd period - Goal by Moritz Seider - BOSTON Bruins : 3 - SEATTLE Kraken : 4.
17:39 of 3rd period - Auston Matthews wins face-off versus Elias Pettersson in neutral zone.
17:41 of 3rd period - David Pastrnak is hit by Dmitri Orlov and loses puck.
17:45 of 3rd period - Minor Penalty to Dmitri Orlov for Holding.
17:46 of 3rd period - Auston Matthews wins face-off versus Andre Burakovsky in BOSTON Bruins zone.
17:49 of 3rd period - Shot by Jaccob Slavin.
17:49 of 3rd period - Stopped by Jacob Markstrom without a rebound.
17:50 of 3rd period - Auston Matthews wins face-off versus Andre Burakovsky in BOSTON Bruins zone.
18:21 of 3rd period - Shot by Jason Robertson.
18:21 of 3rd period - Stopped by Jacob Markstrom with a rebound.
18:23 of 3rd period - Shot by Rasmus Dahlin.
18:23 of 3rd period - Shot Blocked by Andre Burakovsky.
19:36 of 3rd period - Shot by Mikael Granlund.
19:36 of 3rd period - Deflect By Andre Burakovsky.
19:36 of 3rd period - Shot Misses the Net.
19:45 of 3rd period - Alex Ovechkin is hit by Dmitri Orlov and loses puck.
19:49 of 3rd period - David Pastrnak is hit by Max Lajoie.
19:55 of 3rd period - Shot by Jaccob Slavin.
19:55 of 3rd period - Shot Misses the Net.
19:59 of 3rd period - Shot by David Pastrnak.
19:59 of 3rd period - Goal by David Pastrnak - BOSTON Bruins : 3 - SEATTLE Kraken : 5.
Goals for this period are 1 for BOSTON Bruins vs 2 for SEATTLE Kraken.
Shots for this period are 6 for BOSTON Bruins vs 15 for SEATTLE Kraken.